 Dungeon Crawl Stone Soup version 0.28.0-53-g5a82cb258f (webtiles) character file.

Game seed: 9410993647880471720

100 mcbry74 the Caller (level 4, -4/24 HPs)
             Began as a Tengu Summoner on July 10, 2022.
             Slain by an orc
             ... wielding a +0 hand axe
              (5 damage)
             ... on level 2 of the Dungeon.
             The game lasted 00:13:00 (3150 turns).

mcbry74 the Caller (Tengu Summoner)                 Turns: 3150, Time: 00:13:00

Health: -4/24      AC:  2    Str:  8    XL:     4   Next: 73%
Magic:  6/8        EV: 12    Int: 18    God:
Gold:   60         SH:  0    Dex: 14    Spells: 1/7 levels left

rFire   . . .      SeeInvis .   b - +0 dagger
rCold   + . .      Faith    .   (no shield)
rNeg    . . .      Spirit   .   a - +0 robe
rPois   .          Reflect  .   (helmet restricted)
rElec   .          Harm     .   (no cloak)
rCorr   .          Rampage  .   (no gloves)
Will    .....                   (boots unavailable)
Stlth   ++........              (no amulet)
HPRegen 0.08/turn               f - ring of protection from cold
MPRegen 0.11/turn               (no ring)

@: no status effects
A: beak, talons 3
a: no special abilities


You were on level 2 of the Dungeon.
You visited 1 branch of the dungeon, and saw 3 of its levels.

You collected 60 gold pieces.

Inventory:

Hand Weapons
 b - a +0 dagger (weapon)
Missiles
 e - 46 stones
Armour
 a - a +0 robe (worn)
 h - the +8 ring mail "Enexir" {rElec MP-9 Str+4}
   (You found it on level 2 of the Dungeon)

   Str:       It affects your strength (+4).
   rElec:     It insulates you from electricity.
   MP:        It affects your magic capacity (-9).
Jewellery
 f - a ring of protection from cold (left hand)
Scrolls
 c - a scroll of teleportation {unknown}
 d - 2 scrolls of amnesia {unknown}
 i - a scroll of blinking {unknown}
 k - 2 scrolls of magic mapping {unknown}
Potions
 g - 2 potions of invisibility {unknown}
 j - a potion of lignification {unknown}


   Skills:
 + Level 2.0 Short Blades
 + Level 0.7 Armour
 - Level 2.5 Dodging
 - Level 3.0 Stealth
 - Level 2.2 Spellcasting
 + Level 5.6 Summonings


You had one spell level left.
You knew the following spells:

 Your Spells              Type           Power      Damage    Failure   Level
a - Summon Small Mammal   Summ           88%        N/A       1%          1
b - Call Imp              Summ           22%        N/A       2%          2
c - Summon Guardian Gole  Hex/Summ       12%        N/A       17%         3

Your spell library contained the following spells:

 Spells                   Type           Power      Damage    Failure   Level
 Call Canine Familiar     Summ           22%        N/A       5%          3
 Summon Lightning Spire   Summ/Air       12%        N/A       50%         4


Dungeon Overview and Level Annotations

Branches:
Dungeon (3/15)

Altars:

Shops:
D:1 (


Innate Abilities, Weirdness & Mutations

You have a beak for a mouth.
You have claws for feet.


Message History

* * * LOW HITPOINT WARNING * * *
The jackal bites you.
* * * LOW HITPOINT WARNING * * *
The orc hits you with a +0 dagger.
* * * LOW HITPOINT WARNING * * *
You climb upwards.
Your white imp disappears in a puff of smoke!
There is a stone staircase leading down, spattered with blood here.
You see here a jackal corpse.
The jackal bites the plant.
The plant begins to die.
The orc hits the plant with a +0 dagger.
The jackal bites the plant.
Things that are here:
a frilled lizard skeleton; a hobgoblin skeleton
There is an open door here.
A nearby plant withers and dies.
There is a stone staircase leading down, spattered with blood here.
You see here a jackal corpse.
The jackal barks!
The jackal misses you.
Casting: Call Imp (safe; 2% risk of failure)
Confirm with . or Enter, or press ? or * to list all spells.
A beastly little devil appears in a puff of flame.
The jackal bites you but does no damage.
The orc hits you with a +0 hand axe.
* * * LOW HITPOINT WARNING * * *
The orc hits your crimson imp but does no damage.
The orc hits the plant with a +0 dagger.
The plant begins to die.
The jackal bites you but does no damage.
The jackal closely misses you.
Your crimson imp blinks!
There is an open door here.
The jackal closely misses your crimson imp.
Your crimson imp blinks!
You hit the orc. You peck the orc.
The orc is almost dead.
The jackal closely misses your crimson imp.
The orc hits you with a +0 hand axe.
You die...

##P≈≈P≈≈♣≈≈PPP≈##
##PPP≈≈≈♣≈PP≈.#.#
#.P≈≈♣≈P.≈P##..)#
###P≈PPPPP≈######.#
#..P≈PP[≈.## #.#
#..P.P..>.# #.#
#.....÷##.# #.#
#########....ho##.#
#.#
#.............5o@.#
#.#
#.#######......####
#.# ........#......#
#.# ##.####.#......#
#.# ##.# #.#......#
#.# ##.# #.#......#
#.# ##.# #.########
#.# ##.#
#.#################.#
.#.#
#.............†.....#


You could see 2 orcs, a jackal and a friendly crimson imp (summoned).

Vanquished Creatures
  An adder (D:2)
  A worm (D:2)
  2 orcs (D:3)
  A ball python (D:1)
  2 bats (D:1)
  2 goblins (D:1)
  2 hobgoblins (D:1)
  A quokka (D:1)
  2 frilled lizards (D:1)
  2 kobolds (D:1)
  A rat (D:1)
17 creatures vanquished.

Vanquished Creatures (collateral kills)
  3 adders
  An orc (D:2)
  4 ball pythons
  3 endoplasms (D:2)
  2 giant cockroaches
  3 goblins
  4 hobgoblins
  3 jackals
  3 quokkas (D:2)
  A bat (D:1)
  3 frilled lizards
  4 kobolds
  5 rats
39 creatures vanquished.

Vanquished Creatures (others)
  8 plants (D:2)
8 creatures vanquished.

Grand Total: 64 creatures vanquished

Notes
Turn   | Place    | Note
-------+----------+-------------------------------------------
     0 | D:1      | mcbry74 the Tengu Summoner began the quest for the Orb.
     0 | D:1      | Reached XP level 1. HP: 10/10 MP: 4/4
   503 | D:1      | Reached XP level 2. HP: 13/15 MP: 6/6
   541 | D:1      | Learned a level 2 spell: Call Imp
   550 | D:1      | Reached skill level 5 in Summonings
   843 | D:1      | Found Itraih's Weapon Boutique.
  1055 | D:1      | Reached XP level 3. HP: 17/19 MP: 3/7
  1400 | D:2      | Reached skill level 1 in Short Blades
  1971 | D:2      | Reached XP level 4. HP: 24/24 MP: 5/8
  2376 | D:2      | Identified the +8 ring mail "Enexir" {rElec MP-9 Str+4}
  2688 | D:3      | Learned a level 3 spell: Summon Guardian Golem
  3133 | D:3      | HP: 1/24 [orc/+0 dagger (3)]
  3146 | D:2      | HP: 1/24 [orc/+0 hand axe (1)]
  3150 | D:2      | Slain by an orc

Illustrated notes

Levels and vault maps discovered:
D:1:      grunt_arrival_crossed_arrows, layout_basic, serial_shops,
          nicolae_shop_bloodbath_and_beyond
D:2:      layout_basic, serial_bayou_lagoon_a, corner_web_ring, minivault_19
D:3:      layout_rooms, portal_sewer_entry_f,
          hellmonk_ecumenical_altar_slurped_away,
          corexii_item_surrounded_by_moat, uniq_sigmund

Skill      XL: |  1  2  3  4 |
---------------+-------------+-----
Summonings     | 5 |  5.6
Short Blades   | 1 2 |  2.0
Stealth        | 3 |  3.0
Armour         | |  0.7
Dodging        | |  2.5
Spellcasting   | |  2.2

Action                   |  1- 3 |  4- 6 || total
-------------------------+-------+-------++-------
Melee: Unarmed           |    15 |       ||    15
       Kick              |    10 |     5 ||    15
       Peck              |     4 |     6 ||    10
       Dagger            |    38 |    25 ||    63
       Punch             |     1 |       ||     1
 Cast: Summon Small Mamm |     3 |       ||     3
       Call Imp          |    14 |     8 ||    22
Armor: Robe              |    17 |     5 ||    22
Dodge: Dodged            |    31 |    27 ||    58
